 Dungeon Sprint DCSS version 0.21-a0-272-g984ae92 (webtiles) character file.

78 potatolord6000 the Covered (level 4, -5/42 HPs)
             Began as a Minotaur Fighter on Sept 15, 2017.
             Was an Initiate of Okawaru.
             Slain by a sixfirhy (11 damage)
             ... summoned by a deep elf mage
             ... in the Dungeon (Sprint VII: "The Pits").
             The game lasted 00:02:45 (505 turns).

potatolord6000 the Covered (Minotaur Fighter)        Turns: 505, Time: 00:02:46

Health: -5/42      AC:  9    Str: 22    XL:     4   Next: 15%
Magic:  3/5        EV: 12    Int:  5    God:    Okawaru [......]
Gold:   0          SH:  0    Dex:  9    Spells: 3/3 levels left

rFire    . . .     SeeInvis .   q - +2 long sword (holy)
rCold    . . .     Gourm    .   (no shield)
rNeg     . . .     Faith    .   a - +3 ring mail
rPois    .         Spirit   .   (helmet restricted)
rElec    .         Reflect  .   (no cloak)
rCorr    .         Harm     .   (no gloves)
MR       .....     NoTele   +   (no boots)
Stlth    ..........             (no amulet)
HPRegen  0.14/turn              (no ring)
MPRegen  0.09/turn              (no ring)

@: no status effects
A: retaliatory headbutt, horns 2
a: Renounce Religion


You were in the Dungeon.
You worshipped Okawaru.
Okawaru was noncommittal.
You were not hungry.

You visited 1 branch

Inventory:

Hand Weapons
 q - a +2 long sword of holy wrath (weapon)
Armour
 a - a +3 ring mail (worn)
Scrolls
 k - a scroll of blinking
 l - 3 scrolls of remove curse
 m - 5 scrolls of amnesia
 n - a scroll of summoning
Potions
 c - 2 potions of invisibility
 d - a potion of might
 e - 6 potions of curing
 g - 3 potions of heal wounds
 h - a potion of haste
 i - 4 potions of magic
 j - 3 potions of berserk rage
Comestibles
 f - 8 bread rations
 o - 40 fruits
 p - 7 meat rations


   Skills:
 + Level 5.6 Fighting
 + Level 5.0 Long Blades
 + Level 5.8 Armour
 + Level 3.8 Dodging
   Level 3.6 Shields
 + Level 3.0 Invocations


You had 3 spell levels left.
You didn't know any spells.

Dungeon Overview and Level Annotations

Branches:
Dungeon (1/1)

Altars:
Ashenzari
Cheibriados
Dithmenos
Elyvilon
Fedhas
Gozag
Hepliaklqana
Kikubaaqudgha
Makhleb
Nemelex Xobeh
Okawaru
Qazlal
Ru
Sif Muna
Trog
Uskayaw
Vehumet
Wu Jian
Xom
Yredelemnul
Zin
The Shining One
Beogh
Jiyva
Lugonu


Innate Abilities, Weirdness & Mutations

You reflexively headbutt those who attack you in melee.
You have a pair of horns on your head.


Message History

* * * LOW HITPOINT WARNING * * *
The crimson imp barely misses you.
You riposte.
You hit the crimson imp but do no damage.
The crimson imp is severely wounded.
The deep elf mage casts a spell.
The deep elf mage blinks!
Unknown command.
Unknown command.
You feel much better.
The soul eater draws from the surrounding life force!
The crimson imp hits you but does no damage.
Unknown command.
Unknown command.
Unknown command.
Unknown command.
You feel much better. The sixfirhy hits you! The sixfirhy shocks you!
The sixfirhy hits you!
* * * LOW HITPOINT WARNING * * *
The sixfirhy shocks you!
You die...

#.#..#####.##......
#.#..††..#.##......
#.#..†...).##......
#.#..########...<..
#.#..'.))).##......
#.#..#.)))[##......
#'###########......
#.3#.#.## #######
#.@3b...# ##5#4#.##
.5.... ##e#.#.#
.......# #.# #..+
### ###


You could see a soul eater, a rust devil, a deep elf mage, a sixfirhy, a fire
bat, a quasit and a crimson imp.

Vanquished Creatures
  A jelly (D)
  A worker ant (D)
  A river rat (D)
  An orc (D)
  A giant cockroach (D)
  2 goblins (D)
  2 hobgoblins (D)
  3 jackals (D)
  A frilled lizard (D)
13 creatures vanquished.

Notes
Turn   | Place    | Note
-------+----------+-------------------------------------------
     0 | D        | potatolord6000 the Minotaur Fighter began the quest for the Orb.
     0 | D        | Reached XP level 1. HP: 19/19 MP: 0/0
    51 | D        | Found a bloodstained altar of Trog.
    51 | D        | Found a deep blue altar of Sif Muna.
    51 | D        | Found a viscous altar of Jiyva.
    51 | D        | Found a hazy altar of Hepliaklqana.
    51 | D        | Found an opulent altar of Gozag.
    52 | D        | Found a glowing golden altar of the Shining One.
    52 | D        | Found a glowing silver altar of Zin.
    52 | D        | Found a basalt altar of Yredelemnul.
    52 | D        | Found a shimmering altar of Xom.
    52 | D        | Found an ornate altar of the Wu Jian Council.
    52 | D        | Found a sacrificial altar of Ru.
    52 | D        | Found a stormy altar of Qazlal.
    52 | D        | Found an iron altar of Okawaru.
    52 | D        | Found a sparkling altar of Nemelex Xobeh.
    52 | D        | Found a burning altar of Makhleb.
    52 | D        | Found a blossoming altar of Fedhas.
    52 | D        | Found a white marble altar of Elyvilon.
    52 | D        | Found a shadowy altar of Dithmenos.
    52 | D        | Found a snail-covered altar of Cheibriados.
    54 | D        | Found a radiant altar of Vehumet.
    54 | D        | Found a corrupted altar of Lugonu.
    54 | D        | Found a roughly hewn altar of Beogh.
    56 | D        | Found an ancient bone altar of Kikubaaqudgha.
    56 | D        | Found a hide-covered altar of Uskayaw.
    56 | D        | Found a shattered altar of Ashenzari.
    62 | D        | Became a worshipper of Warmaster Okawaru
    85 | D        | Reached skill level 1 in Dodging
    85 | D        | Reached skill level 1 in Invocations
    85 | D        | Reached XP level 2. HP: 18/28 MP: 1/1
   209 | D        | Reached skill level 5 in Fighting
   209 | D        | Reached skill level 5 in Armour
   209 | D        | Reached XP level 3. HP: 16/36 MP: 3/3
   498 | D        | Noticed a deep elf mage
   499 | D        | Noticed a fire bat
   499 | D        | Reached skill level 5 in Long Blades
   499 | D        | Reached XP level 4. HP: 39/42 MP: 3/5
   502 | D        | Noticed a soul eater
   503 | D        | Noticed a rust devil
   505 | D        | Slain by a sixfirhy

Vault maps used:
D:        pitsprint

Skill      XL: |  1  2  3 |
---------------+----------+-----
Fighting       | 4 5 |  5.6
Long Blades    | 3 4 5 |  5.0
Armour         | 4 5 |  5.8
Dodging        | 1 2 3 |  3.8
Invocations    | 1 2 3 |  3.0
Shields        | |  3.6

Action                   |  1- 3 |  4- 6 || total
-------------------------+-------+-------++-------
Melee: Long sword        |    32 |     3 ||    35
       Headbutt          |     6 |       ||     6
  Use: Potion            |       |     3 ||     3
Armor: Scale mail        |    15 |       ||    15
       Ring mail         |       |     3 ||     3
Dodge: Dodged            |    24 |     4 ||    28
       Rpst.: Long sword |     9 |     3 ||    12

Table legend:
 A = Spawn XP
 B = Non-spawn XP
 C = Spawn XP percentage of total XP
 D = Spawn monster count
 E = Non-spawn monster count
 F = Spawn count percentage of total count
 G = Total turns spent on level
                    A         B        C        D         E        F      G
               +---------+---------+-------+---------+---------+-------+---------
         Total |       0 |     112 |   0.0 |       0 |      13 |   0.0 |   505
               +---------+---------+-------+---------+---------+-------+---------
             D |       0 |     112 |   0.0 |       0 |      13 |   0.0 |   505
               +---------+---------+-------+---------+---------+-------+---------
